 Dungeon Crawl Stone Soup version 0.31-a0-1412-g7b7c7d10e1 (webtiles) character file.

Game seed: 13182957754152728312

124935 DullDay the Warrior (level 16, -1/165 HPs)
             Began as a Minotaur Berserker on Dec 26, 2023.
             Was the Champion of Trog.
             Killed by divine providence
             ... invoked by Saint Roka
              (10 damage)
             ... on level 4 of the Snake Pit.
             The game lasted 01:00:29 (25941 turns).

DullDay the Warrior (Minotaur Berserker)           Turns: 25941, Time: 01:00:31

Health: -1/165     AC: 32    Str: 31    XL:     16   Next: 40%
Magic:  13/13      EV: 22    Int:  3    God:    Trog [******]
Gold:   1987       SH:  5    Dex: 16    Spells: 15/15 levels left

rFire   + . .        a - +10 halberd (flame)
rCold   . . .        (shield currently unavailable)
rNeg    . . .        p - +4 plate armour {rF+}
rPois   .            (helmet unavailable)
rElec   +            b - +2 cloak
rCorr   .            m - +2 pair of gloves "Zodec" {Regen+}
SInv    .            o - +0 pair of boots of Surprise {rElec Str+4 Stlth+}
Will    +....        e - amulet of reflection Stlth
                     O - +5 ring of evasion
HPRegen 1.27/turn    r - +5 ring of evasion
MPRegen 0.13/turn

%: reflection
@: slowed, studying Staves, very slow
A: horns 3, retaliatory headbutt, agile 1, low MP 1
a: Renounce Religion, Berserk, Trog's Hand, Brothers in Arms


You were on level 4 of the Snake Pit.
You worshipped Trog.
Trog was exalted by your worship.
You visited 4 branches of the dungeon, and saw 26 of its levels.

You collected 2348 gold pieces.
You spent 361 gold pieces at shops.

Inventory:

Hand Weapons
 a - a +10 halberd of flaming (weapon)
 Z - the +7 executioner's axe "Miluihue" {flame, Str+2}
   (Trog gifted it to you on level 12 of the Dungeon)

   Str+2:     It affects your strength (+2).
Armour
 b - a +2 cloak (worn)
 m - the +2 pair of gloves "Zodec" (worn) {Regen+}
   (You bought it in a shop on level 2 of the Orcish Mines)

   Regen+:    It increases your rate of health regeneration.
 o - the +0 pair of boots of Surprise (worn) {rElec Str+4 Stlth+}
   (You acquired it on level 3 of the Lair of Beasts)

   Str+4:     It affects your strength (+4).
   rElec:     It insulates you from electricity.
   Stlth+:    It makes you more stealthy.
 p - a +4 plate armour of fire resistance (worn)
Jewellery
 e - an amulet of reflection (around neck)
 n - a ring of protection from fire
 r - a +5 ring of evasion (right hand)
 v - a +5 ring of evasion
 I - the ring of Igiehed {rPois Will+ rCorr Int+6 Stlth-}
   (You found it on level 4 of the Lair of Beasts)

   [ring of resist corrosion]

   Int+6:     It affects your intelligence (+6).
   rPois:     It protects you from poison Will+: It increases your willpower.
   rCorr:     It protects you from acid and corrosion.
   Stlth-:    It makes you less stealthy.
 M - the ring of Yrapedo {rN+ Dex+6}
   (You found it on level 5 of the Lair of Beasts)

   [ring of dexterity]

   Dex+6:     It affects your dexterity (+6).
   rN+:       It protects you from negative energy.
 N - an amulet of the acrobat
 O - a +5 ring of evasion (left hand)
 P - an amulet of guardian spirit
 R - the amulet of Riweg {Reflect Regen+ Slay+2 SH+5}
   (You took it off a centaur on level 13 of the Dungeon)

   [amulet of reflection]

   Reflect:   It reflects blocked missile attacks.
   Slay+2:    It affects your accuracy & damage with ranged weapons and melee
   (+2).
   Regen+:    It increases your rate of health regeneration.
   SH+5:      It affects your SH (+5).
Talismans
 i - a storm talisman
Wands
 w - a wand of flame (31)
 H - a wand of quicksilver (12)
 L - a wand of roots (13)
 X - a wand of paralysis (12)
Scrolls
 c - a scroll of silence
 d - 9 scrolls of fog
 k - a scroll of revelation
 l - a scroll of butterflies
 q - 2 scrolls of enchant weapon
 u - 21 scrolls of identify
 y - 4 scrolls of blinking
 C - 6 scrolls of teleportation
 E - a scroll of enchant armour
 K - 2 scrolls of brand weapon
 V - 2 scrolls of fear
Potions
 f - 2 potions of mutation
 g - 5 potions of enlightenment
 j - 3 potions of attraction
 s - a potion of resistance
 t - 4 potions of haste
 x - a potion of ambrosia {unknown}
 J - 8 potions of curing
 Q - 6 potions of might
 T - a potion of invisibility {unknown}
 U - 4 potions of lignification
 W - 2 potions of cancellation
 Y - 2 potions of degeneration


   Skills:
 + Level 20.6 Fighting
 - Level 4.4(12.6) Axes
 - Level 18.1(18.3) Polearms
 + Level 20.2 Armour
 + Level 6.0 Dodging
 - Level 5.0 Shapeshifting


You had 15 spell levels left.
You didn't know any spells.
Your spell library was empty.

Dungeon Overview and Level Annotations

Branches:
Dungeon (15/15)            Temple (0/1) D:7            Lair (5/5) D:10
 Shoals (0/4) Lair:2        Snake (4/4) Lair:3        Slime (0/5) Lair:5
    Orc (2/2) D:10            Elf (0/3) Orc:2        Vaults (0/5) D:13
 Depths (0/4) D:15

Altars:
Ashenzari
Dithmenos
Fedhas
Gozag
Nemelex Xobeh
Okawaru
Uskayaw
Vehumet
Wu Jian
Yredelemnul
Zin
The Shining One
Jiyva

Shops:
D:2 [   D:12 =   D:13 ?   Orc:2 (([*=(   Snake:1 (=

Annotations:
D:10 exclusion: statue
Snake:1 6 transporters
Snake:4 Saint Roka


Innate Abilities, Weirdness & Mutations

You have a pair of large horns on your head.
You reflexively headbutt those who attack you in melee.
You are agile. (Dex +4, Str/Int -1)
Your magical capacity is low. (-10% MP)


Message History

You are no longer poisoned.
The salamander hits your cyclops with a +0 trident.
Your cyclops is engulfed in flames!
The orc warrior misses you. You block the orc warrior's attack.
The orc warrior barely misses your cyclops.
Saint Roka mumbles some strange prayers to Beogh against you.
Beogh smites you!
Your cyclops hits the salamander!!
The salamander dies!
Trog accepts your kill.
You puncture the orc warrior! You burn the orc warrior.
You kill the orc warrior!
Trog accepts your kill.
The orc warrior hits you from afar with a +0 trident!
* * * LOW HITPOINT WARNING * * *
A naga warrior comes into view. It is wielding a +0 battleaxe.
Saint Roka hits you with a +1 heavy great sword!
* * * LOW HITPOINT WARNING * * *
Your cyclops hits the orc!!!
The orc dies!
Trog accepts your kill. You block the orc warrior's attack.
You feel better.
The naga warrior roars a battlecry!
You block the orc warrior's attack.
Saint Roka hits you with a +1 heavy great sword!!
* * * LOW HITPOINT WARNING * * *
Your cyclops barely misses Saint Roka.
The orc warrior hits your cyclops with a +0 trident!!
Your cyclops dies!
Your cyclops's corpse disappears in a puff of smoke!
Okay, then.
Unknown command.
Unknown command.
Your troll goes berserk!
The orc warrior hits you from afar with a +0 trident!
* * * LOW HITPOINT WARNING * * *
Saint Roka mumbles some strange prayers to Beogh against you.
Beogh smites you!
You die...
Saint Roka roars, "Praise to Beogh!"

#......................
#...................)..
#...N......##.........)
#.........#####.....<..
#.......# #...#####
###..)).# #..## #
#.o..†# ##.# #
##.)..#####.## #
#@o...#....# #
#.....#..####.##
#...T##.## ##.#
##..##.## ### ### ##.#
###


You could see Saint Roka (ally target), a naga warrior, an orc warrior (strong)
and a friendly troll (summoned, berserk).

Vanquished Creatures
  Vashnia (Snake:2)
  Jorgrun (D:12)
  Rupert (D:15)
  Kirke (Lair:3)
  Agnes (D:15)
  An orc warlord (Orc:2)
  The ghost of Unwyh the Thrower, a journeyman TrDe of Ashenzari (Lair:2)
  Nessos (Lair:3)
  Azrael (D:12)
  3 hydras
  A salamander tyrant (Snake:1)
  The ghost of bezhaha the Eclecticist, a journeyman DjFE of Gozag (D:12)
  A sphinx zombie (D:15)
  7 anacondas
  A merfolk avatar (Lair:5)
  2 catoblepae
  5 centaur warriors
  A boulder beetle (D:14)
  4 naga warriors
  2 tengu warriors (D:13)
  5 two-headed ogres
  2 orc high priests (Orc:2)
  Urug (Lair:3)
  9 naga sharpshooters
  3 shock serpents
  Amaemon (D:10)
  2 salamander mystics (Snake:1)
  3 skysharks
  Lodul (D:13)
  7 skeletal warriors
  A flayed ghost (D:15)
  3 naga ritualists (Snake:1)
  6 slime creatures
  5 orc knights
  A phantasmal warrior (D:12)
  A necromancer (D:15)
  A lindwurm (Lair:3)
  2 harpies (Lair:5)
  6 mana vipers
  2 orc sorcerers
  12 ugly things
  5 manticores
  2 cyclopes
  7 salamanders
  3 kobold blastminers
  A meliai (shapeshifter) (D:11)
  5 guardian serpents
  11 elephants
  22 black mambas
  4 naga magi
  An orange demon (D:10)
  A torpor snail (Lair:5)
  16 cane toads
  3 gargoyles
  6 rime drakes
  An unseen horror (D:12)
  10 komodo dragons
  A yaktaur (D:15)
  6 freezing wraiths
  Psyche (D:9)
  2 trolls
  3 polar bears
  A wind drake (Lair:5)
  3 hornets
  5 blink frogs
  A wolf spider simulacrum (D:15)
  6 dream sheep (Lair:3)
  3 snapping turtles (Lair:5)
  A spriggan zombie (D:15)
  A centaur simulacrum (D:15)
  4 wraiths
  A vampire (D:11)
  5 wyverns
  A fire elemental (D:12)
  3 hogs (Lair:3)
  6 basilisks
  16 humans (D:13)
  41 yaks
  4 vampire mosquitoes (D:11)
  3 wargs
  4 steam dragons
  Menkaure (D:5)
  15 nagas
  3 acid dragons
  18 water moccasins
  4 hell hounds (D:12)
  31 orc warriors
  2 black bears
  3 ice beasts
  A sky beast (D:6)
  A black mamba simulacrum (Lair:3)
  14 ogres
  2 phantoms
  9 centaurs
  11 wolves
  16 bullfrogs
  A gnoll sergeant (D:10)
  2 kobold brigands
  A skyshark simulacrum (Lair:3)
  2 scorpions (D:4)
  5 wights
  A blink frog simulacrum (Lair:3)
  7 killer bees
  7 howler monkeys
  A rime drake simulacrum (Lair:3)
  A torpor snail simulacrum (Lair:3)
  4 hounds
  A jelly (D:6)
  15 orc priests
  Crazy Yiuf (D:4)
  A gnoll bouda (D:7)
  A sleepcap (D:8)
  An iguana (D:6)
  18 orc wizards
  6 hell rats (Lair:3)
  10 gnolls
  3 adders
  2 shadow imps
  3 white imps
  A worm (D:4)
  5 dart slugs
  77 orcs
  2 ball pythons
  4 endoplasms
  A giant cockroach (D:2)
  8 goblins
  9 hobgoblins
  3 quokkas
  2 bats
  2 frilled lizards (D:2)
  13 kobolds
  4 rats
687 creatures vanquished.

Vanquished Creatures (collateral kills)
  Fannar (D:10)
  A salamander (Snake:4)
  An orc (Snake:4)
3 creatures vanquished.

Vanquished Creatures (others)
  A kobold brigand (D:8)
1 creature vanquished.

Grand Total: 691 creatures vanquished

Notes
Turn   | Place    | Note
-------+----------+-------------------------------------------
     0 | D:1      | DullDay the Minotaur Berserker began the quest for the Orb.
     0 | D:1      | Reached XP level 1. HP: 19/19 MP: 0/0
   336 | D:1      | Reached XP level 2. HP: 22/27 MP: 1/1
  1078 | D:2      | Found Beorew's Antique Armour Boutique.
  1168 | D:2      | Reached XP level 3. HP: 33/33 MP: 2/2
  1765 | D:3      | Found a faded altar of an unknown god.
  2200 | D:4      | Reached ** piety under Trog
  2247 | D:4      | Found a glowing silver altar of Zin.
  2247 | D:4      | Found an opulent altar of Gozag.
  2357 | D:4      | Identified the +9 spear of Hyivo {freeze, rC+ rN+ Int+5}
  2452 | D:4      | Identified the +0 robe "Moaheemi" {rC+ Str+3}
  2487 | D:4      | Reached XP level 4. HP: 41/41 MP: 3/3
  2502 | D:4      | Noticed a phantom
  2509 | D:4      | Noticed an ogre
  2521 | D:4      | Killed a phantom
  2522 | D:4      | Reached skill level 5 in Fighting
  2522 | D:4      | Reached XP level 5. HP: 33/48 MP: 4/4
  2528 | D:4      | Killed an ogre
  2689 | D:4      | Reached XP level 6. HP: 56/56 MP: 5/5
  2804 | D:4      | Found a runed translucent door.
  2805 | D:4      | Noticed Crazy Yiuf
  2869 | D:4      | Reached skill level 5 in Armour
  3088 | D:4      | Killed Crazy Yiuf
  3215 | D:2      | Bought a runed scale mail for 133 gold pieces
  3299 | D:5      | Entered Level 5 of the Dungeon
  3420 | D:5      | Found a blossoming altar of Fedhas.
  3495 | D:5      | Noticed Menkaure
  3615 | D:5      | Reached XP level 7. HP: 64/64 MP: 6/6
  3627 | D:5      | Killed Menkaure
  4201 | D:6      | Reached skill level 5 in Polearms
  4243 | D:6      | Reached XP level 8. HP: 73/73 MP: 7/7
  4289 | D:6      | Gained mutation: You are agile. (Dex +4, Str/Int -1)
                  | [potion of mutation]
  4289 | D:6      | Gained mutation: Your magical capacity is low. (-10% MP)
                  | [potion of mutation]
  4289 | D:6      | Gained mutation: You have a pair of large horns on your
                  | head. [potion of mutation]
  5010 | D:7      | Found a broken altar of Ashenzari.
  5049 | D:7      | Found a staircase to the Ecumenical Temple.
  5154 | D:7      | Found a sparkling altar of Nemelex Xobeh.
  5195 | D:7      | Reached *** piety under Trog
  5222 | D:7      | Noticed a hornet
  5230 | D:7      | Killed a hornet
  5231 | D:7      | Reached XP level 9. HP: 54/83 MP: 7/7
  5544 | D:7      | Found an iron altar of Okawaru.
  6616 | D:8      | Reached skill level 10 in Fighting
  6710 | D:8      | Found a hide-covered altar of Uskayaw.
  6710 | D:8      | Found an ornate altar of the Wu Jian Council.
  6711 | D:8      | Found a glowing golden altar of the Shining One.
  6921 | D:9      | Noticed a brown ugly thing
  6933 | D:9      | Killed a brown ugly thing
  7156 | D:9      | Identified the +2 whip of Mucimnuab {freeze, rC+ Int+3
                  | Stlth-}
  7188 | D:9      | Reached skill level 10 in Armour
  7215 | D:9      | Reached **** piety under Trog
  7330 | D:9      | Noticed a catoblepas
  7335 | D:9      | Killed a catoblepas
  7336 | D:9      | Reached XP level 10. HP: 90/94 MP: 8/8
  7435 | D:9      | Reached skill level 1 in Shapeshifting
  7505 | D:9      | Reached skill level 10 in Polearms
  7529 | D:9      | Noticed Psyche
  7563 | D:9      | Killed Psyche
  7820 | D:10     | Entered Level 10 of the Dungeon
  7885 | D:10     | Noticed Amaemon
  7887 | D:10     | Noticed an orange demon
  7887 | D:10     | Noticed Fannar
  7901 | D:10     | Killed Fannar
  7910 | D:10     | Killed Amaemon
  7914 | D:10     | Killed an orange demon
  8015 | D:10     | Found a shadowy altar of Dithmenos.
  8081 | D:10     | Reached XP level 11. HP: 89/104 MP: 8/8
  8100 | D:10     | Found a staircase to the Lair.
  8374 | D:10     | Found a radiant altar of Vehumet.
  8545 | D:10     | Reached ***** piety under Trog
  8572 | D:10     | Found a basalt altar of Yredelemnul.
  8638 | D:10     | Found a staircase to the Orcish Mines.
  8676 | D:10     | Noticed a two-headed ogre
  8681 | D:10     | Killed a two-headed ogre
  8910 | Lair:1   | Entered Level 1 of the Lair of Beasts
  9823 | Lair:2   | Noticed a four-headed hydra
  9853 | Lair:2   | Killed a four-headed hydra
 10180 | Lair:2   | Reached XP level 12. HP: 112/115 MP: 9/9
 10801 | Lair:2   | Found a staircase to the Shoals.
 11597 | Lair:3   | Found a runed translucent gate.
 11597 | Lair:3   | Found a runed translucent gate.
 11597 | Lair:3   | Found a runed translucent gate.
 11970 | Lair:3   | Found a staircase to the Snake Pit.
 12043 | Lair:3   | Noticed Urug
 12063 | Lair:3   | Killed Urug
 12064 | Lair:3   | Reached skill level 15 in Fighting
 12158 | Lair:3   | Reached XP level 13. HP: 91/126 MP: 10/10
 12260 | Lair:3   | Noticed Nessos
 12263 | Lair:3   | Paralysed by Nessos for 2 turns
 12275 | Lair:3   | Killed Nessos
 12600 | Lair:3   | Received a gift from Trog
 12764 | Lair:3   | Noticed Unwyh's ghost (journeyman TrDe)
 12953 | Lair:3   | Noticed Kirke
 13002 | Lair:3   | Killed Kirke
 13351 | Lair:3   | Reached skill level 15 in Armour
 13683 | Lair:2   | Killed Unwyh's ghost
 14306 | Lair:3   | Identified a scroll of acquirement
 14306 | Lair:3   | Acquired the +0 pair of boots of Surprise {rElec Str+4
                  | Stlth+}
 14544 | Lair:4   | Found a dark tunnel.
 14753 | Lair:4   | Reached skill level 15 in Polearms
 14780 | Lair:4   | Identified the ring of Igiehed {rPois Will+ rCorr Int+6
                  | Stlth-}
 15232 | Lair:5   | Entered Level 5 of the Lair of Beasts
 15753 | Lair:5   | Identified the ring of Yrapedo {rN+ Dex+6}
 15762 | Lair:5   | Identified the +2 buckler "Ticusyc" {rF+}
 15865 | Lair:5   | Received a gift from Trog
 16180 | Lair:5   | Found a staircase to the Slime Pits.
 16180 | Lair:5   | Found a viscous altar of Jiyva.
 16393 | Lair:5   | Reached XP level 14. HP: 138/138 MP: 11/11
 16697 | Snake:1  | Entered Level 1 of the Snake Pit
 16802 | Orc:1    | Entered Level 1 of the Orcish Mines
 16821 | Orc:1    | Reached ****** piety under Trog
 17061 | Orc:2    | Entered Level 2 of the Orcish Mines
 17061 | Orc:2    | Found Woschec's Jewellery Boutique.
 17133 | Orc:2    | Found Ugi Siot's Firing Range.
 17190 | Orc:2    | Found Utyluok's Antique Armour Shop.
 17375 | Orc:2    | Found Mimpaes's Weapon Shoppe.
 17406 | Orc:2    | Found a staircase to the Elven Halls.
 17418 | Orc:2    | Noticed an orc warlord
 17419 | Orc:2    | Found Sykuogg's General Store.
 17693 | Orc:2    | Found Isamia's Antique Weapon Boutique.
 18153 | Orc:2    | Killed an orc warlord
 18230 | Orc:2    | Received a gift from Trog
 18812 | Orc:2    | Bought a pair of faintly humming gloves for 228 gold pieces
 18812 | Orc:2    | Identified the +2 pair of gloves "Zodec" {Regen+} (You
                  | bought it in a shop on level 2 of the Orcish Mines)
 18893 | D:11     | Reached skill level 5 in Shapeshifting
 19536 | D:12     | Noticed Jorgrun
 19549 | D:12     | Killed Jorgrun
 19584 | D:12     | Noticed Azrael
 19597 | D:12     | Killed Azrael
 19715 | D:12     | Found Qaxoledd's Jewellery Emporium.
 19745 | D:12     | Identified the +7 executioner's axe "Miluihue" {flame,
                  | Str+2} (Trog gifted it to you on level 12 of the Dungeon)
 19745 | D:12     | Received a gift from Trog
 19869 | D:12     | Found a runed translucent gate.
 19870 | D:12     | Found a runed translucent gate.
 19871 | D:12     | Found a runed translucent gate.
 19874 | D:12     | Noticed bezhaha's ghost (journeyman DjFE)
 20534 | D:12     | Killed bezhaha's ghost
 20756 | D:13     | Found a gate to the Vaults.
 20785 | D:13     | Reached XP level 15. HP: 99/150 MP: 12/12
 20931 | D:13     | Found a gate leading to a gauntlet.
 20982 | D:13     | You fall into a shaft and drop 1 floor!
 21321 | D:13     | Noticed Lodul
 21330 | D:13     | Killed Lodul
 21424 | D:13     | Identified the +4 plate armour of Bursted Amelioration
                  | {Dex+6}
 21509 | D:13     | Found Ecaycw's Magic Scroll Shoppe.
 21572 | D:13     | Identified the amulet of Riweg {Reflect Regen+ Slay+2 SH+5}
 22138 | D:14     | Received a gift from Trog
 22554 | D:15     | Entered Level 15 of the Dungeon
 22622 | D:15     | Found a staircase to the Depths.
 22850 | D:15     | Noticed Agnes
 22855 | D:15     | Killed Agnes
 22916 | D:15     | Noticed Rupert
 22935 | D:15     | Killed Rupert
 23493 | Snake:1  | Found Azeek's Jewellery Boutique.
 23493 | Snake:1  | Found Tijegam's Antique Weapon Shop.
 23736 | Snake:1  | Found a transporter.
 23740 | Snake:1  | Found a transporter.
 23749 | Snake:1  | Received a gift from Trog
 23920 | Snake:1  | Found a transporter.
 23921 | Snake:1  | Found a transporter.
 23965 | Snake:1  | Found a transporter.
 23974 | Snake:1  | Found a transporter.
 24457 | Snake:2  | Reached XP level 16. HP: 157/162 MP: 13/13
 24722 | Snake:2  | Noticed Vashnia
 24731 | Snake:2  | Killed Vashnia
 25164 | Snake:2  | Reached skill level 5 in Dodging
 25578 | Snake:4  | Entered Level 4 of the Snake Pit
 25923 | Snake:4  | Noticed Saint Roka
 25941 | Snake:4  | Killed from afar by Saint Roka

Illustrated notes

Levels and vault maps discovered:
D:1:      minmay_arrival_nine_rooms, layout_loops_ring, nicolae_the_louvre
D:2:      minmay_inner_zag, layout_loops_ring, serial_shops, shop
D:3:      layout_loops_ring, basic_ecumenical_altar
D:4:      layout_loops_ring, grunt_temple_overflow_gold_and_silver,
          hangedman_abyss_or_decor_lesser_grid, serial_bayou_pond_c,
          uniq_crazy_yiuf_cottage
D:5:      layout_basic, lemuel_tele_altar, hangedman_decor_peaks_small,
          uniq_menkaure
D:6:      layout_cave_pools
D:7:      layout_loops_cross, mainiacjoe_overflow_24_doors, old_standard_altar,
          mainiacjoe_overflow_chevrons, temple_doors_cd, hex_large
D:8:      layout_loops_ring, gammafunk_temple_overflow_claw
D:9:      layout_roguey, uniq_psyche
D:10:     layout_cave_pools, mainiacjoe_overflow_concentric_impassable,
          vehumet_statue, nicolae_overflow_hidden_temple,
          due_lair_maze_entry_diamond, orc_0_dummy, enter_bailey_4, uniq_fannar,
          uniq_amaemon
D:11:     layout_roguey [special_room_orc], serial_glass, glass_columns_a,
          glass_columns_c
D:12:     layout_roguey, serial_rivers, chequers_serial_rivers_small_a,
          chequers_serial_rivers_micro_d, chequers_serial_rivers_small_a,
          chequers_serial_rivers_micro_b, chequers_serial_rivers_micro_a,
          gammafunk_ghost_spectres, minmay_shop_enchanted_jewellery,
          uniq_azrael, uniq_jorgrun
D:13:     layout_loops_ring, david_vaults_3, serial_shops, shop,
          gauntlet_entry_generic, uniq_lodul
D:14:     wad_pebble_path, layout_cave_pods, kennysheep_flooded_box
D:15:     gammafunk_depths_entry_grave, layout_grid_maze, uniq_rupert,
          uniq_agnes
Lair:1:   layout_loops_ring, serial_bayou_shore_b, grunt_megastairs_3
Lair:2:   layout_roguey, minmay_shoals_entry_beasts, st_stairs_9,
          grunt_megastairs_4
Lair:3:   layout_cellular_growth, minmay_snake_entry_six_corridors,
          gammafunk_ghost_icy, uniq_urug, uniq_nessos, uniq_kirke
Lair:4:   layout_loops_ring, enter_volcano_2, hangedman_lair_unloving_vines,
          lemuel_fruit_tree
Lair:5:   gammafunk_lair_ancient_temple, layout_regular_city, slime_entry_1,
          small_statue_intersection
Snake:1:  layout_misc_corridors, serial_nicolae_subway,
          nicolae_sub_station_crystal, nicolae_sub_station_stone,
          nicolae_sub_station_metal, minmay_shoptagon, nicolae_triple_integral
Snake:2:  layout_gridlike, nicolae_integral_box, uniq_vashnia
Snake:3:  layout_basic, uniq_aizul
Snake:4:  johnstein_snake_rune_scales, layout_layer_cave, uniq_saint_roka
Orc:1:    layout_caves
Orc:2:    grunt_orc_gardens, layout_diamond_mine, grunt_orc_garden,
          grunt_orc_garden, grunt_orc_garden, grunt_orc_garden, serial_shops,
          shop, basic_altar, nicolae_shop_firing_range

Skill      XL: |  1  2  3  4  5  6  7  8  9 10 11 12 13 14 15 16 |
---------------+-------------------------------------------------+-----
Axes           | 4 |  4.4
Fighting       | 4 5 6 7 9 10 11 13 15 16 18 20 | 20.6
Armour         | 3 4 5 6 8 10 11 12 14 16 18 19 20 | 20.2
Polearms       | 2 3 4 5 7 9 10 12 14 15 16 18 | 18.1
Shapeshifting  | 3 4 5 |  5.0
Dodging        | 3 6 |  6.0

Action                     |  1- 3 |  4- 6 |  7- 9 | 10-12 | 13-15 | 16-18 || total
---------------------------+-------+-------+-------+-------+-------+-------++-------
  Melee: Hand axe          |    81 |       |       |       |       |       ||    81
         Headbutt          |    10 |     2 |    38 |   117 |   217 |    18 ||   402
         Spear             |     4 |    43 |   203 |   500 |   646 |       ||  1396
         Unarmed           |       |       |       |       |    24 |       ||    24
         Halberd           |       |       |       |       |   538 |   136 ||   674
 Invoke: Berserk           |       |     1 |     3 |       |     1 |       ||     5
         Brothers in Arms  |       |       |       |     1 |       |     2 ||     3
         Trog's Hand       |       |       |       |       |       |     1 ||     1
    Use: Scroll            |     6 |       |       |       |    21 |     2 ||    29
         Potion            |       |       |     5 |     3 |     2 |     3 ||    13
 Armour: Animal skin       |    13 |       |       |       |       |       ||    13
         Ring mail         |    23 |     7 |       |       |       |       ||    30
         Scale mail        |       |     2 |    70 |   191 |   115 |       ||   378
         Skin              |       |       |       |       |    12 |       ||    12
         Plate armour      |       |       |       |       |   336 |    96 ||   432
  Dodge: Dodged            |    35 |     8 |    58 |   212 |   642 |    87 ||  1042
  Block: Other             |     9 |       |       |       |    87 |    20 ||   116
         Reflection        |     1 |       |    12 |     6 |    19 |     6 ||    44
         Kite shield       |    12 |    16 |    73 |   246 |   142 |       ||   489
         Buckler           |       |       |       |       |    72 |       ||    72

Table legend: (Time is in decaauts)
 A = Elapsed time spent in this place.
 B = Non-inter-level travel time spent in this place.
 C = Inter-level travel time spent in this place.
 D = Time resting spent in this place.
 E = Time spent auto-exploring this place.
 F = Levels seen in this place.
 G = Mean time per level.
                   A        B        C        D        E       F      G
               +--------+--------+--------+--------+--------+-----+--------+
         Total |  25425 |  23629 |   1796 |   5646 |  14304 |  26 |  977.9 |
       Dungeon |  13745 |  12589 |   1156 |   2038 |   8624 |  15 |  916.3 |
          Lair |   7673 |   7226 |    447 |   2651 |   3481 |   5 | 1534.6 |
     Snake Pit |   2480 |   2434 |     46 |    665 |   1411 |   4 |  620.0 |
  Orcish Mines |   1525 |   1380 |    145 |    291 |    787 |   2 |  762.5 |
               +--------+--------+--------+--------+--------+-----+--------+

Top non-repeatable levels by time:
  Lair:3: 2365 daAuts
  Lair:2: 2305 daAuts
  Lair:5: 1254 daAuts
    D:12: 1214 daAuts
     D:9: 1171 daAuts
     D:5: 1154 daAuts
   Orc:2: 1128 daAuts
     D:4: 1118 daAuts
     D:7: 1084 daAuts
    D:10: 991 daAuts
 Snake:2: 989 daAuts
  Lair:1: 988 daAuts
 Snake:1: 974 daAuts
     D:8: 943 daAuts
    D:14: 912 daAuts
